 Dungeon Crawl Stone Soup version 0.32-a0-411-g744942f433 (webtiles) character file.

Game seed: 12863179013689670567

101 Sobieck the Chopper (level 4, -2/34 HPs)
             Began as a Coglin Gladiator on Feb 20, 2024.
             Was a Believer of Sif Muna.
             Slain by Crazy Yiuf
             ... wielding a +4 quarterstaff of chaos
              (6 damage)
             ... on level 2 of the Dungeon.
             The game lasted 00:02:35 (1510 turns).

Sobieck the Chopper (Coglin Gladiator)              Turns: 1510, Time: 00:02:35

Health: -2/34      AC:  5    Str: 22    XL:     4   Next: 75%
Magic:  0/4        EV: 12    Int:  8    God:    Sif Muna [**....]
Gold:   130        SH:  0    Dex: 15    Spells: 3/3 levels left

rFire   . . .        a - +0 war axe {Carlos}
rCold   . . .        m - +0 mace {Yolanda}
rNeg    . . .        b - +0 leather armour
rPois   .            c - +0 helmet
rElec   .            n - +0 cloak
rCorr   .            (no gloves)
SInv    .            (no boots)
Will    .....        (no amulet)
Stlth   +            g - +6 ring of strength
HPRegen 0.25/turn    (no ring)
MPRegen 0.09/turn

%: no passive effects
@: lethally poisoned (-2 -> -15), immotile, revved
A: off-hand wielding, slow wielding, warmup strikes, legs shutdown
a: Renounce Religion, Channel Magic


You were on level 2 of the Dungeon.
You worshipped Sif Muna.
Sif Muna was pleased with you.
You visited 1 branch of the dungeon, and saw 2 of its levels.

You collected 130 gold pieces.

Inventory:

Hand Weapons
 a - a +0 war axe (weapon) {Carlos}
 e - a +0 short sword {Kulveer}
 m - a +0 mace (offhand) {Yolanda}
Missiles
 v - a javelin (quivered)
 Z - 3 throwing nets
Armour
 b - a +0 leather armour (worn)
 c - a +0 helmet (worn)
 n - a +0 cloak (worn)
Jewellery
 g - a +6 ring of strength (left grasper)
Scrolls
 f - 2 scrolls of teleportation {unknown}
 l - a scroll of fear {unknown}
 p - a scroll of butterflies {unknown}
Potions
 d - a potion of magic {unknown}
 h - a potion of degeneration {unknown}
 i - 2 potions of curing {unknown}
 j - a potion of lignification {unknown}
 k - a potion of cancellation {unknown}
 o - a potion of heal wounds {unknown}
 q - a potion of enlightenment {unknown}


   Skills:
 - Level 2.4 Fighting
 + Level 4.7 Axes
 - Level 2.1 Throwing
 - Level 3.0 Dodging


You had 3 spell levels left.
You didn't know any spells.
Your spell library contained the following spells:

 Spells                   Type           Power      Damage    Failure   Level
 Shock                    Conj/Air       0%         1d3       45%         1
 Swiftness                Air            0%         N/A       83%         3
 Airstrike                Air            0%         2d(0-16)  99%         4


Dungeon Overview and Level Annotations

Branches:
Dungeon (2/15)

Altars:
Sif Muna

Annotations:
D:2 Crazy Yiuf


Innate Abilities, Weirdness & Mutations

You can wield a second weapon in your off-hand.
It takes a long time for you to wield or remove held weapons.
Your first few attacks do less damage.
Attacking and casting redirects power from your legs.


Message History

You kill the kobold!
Sif Muna accepts your kill.
No target in view!
No target in view!
You are no longer unable to travel.
Things that are here:
a +0 short sword; 5 stones
Found a hammer.
Found a runed translucent door.
Crazy Yiuf shouts!
Crazy Yiuf whimpers, "Snoogle King verde!"
Crazy Yiuf says, "Crazy?
Crazy!?
PORCUPINE!"
You see here a +0 dagger.
There is an open door here.
There is an open door here.
Crazy Yiuf shouts!
Crazy Yiuf cries, "Mountain wrapper broken!"
Could not explore, unopened runed door.
Unknown command.
Unknown command.
As you open the door, it creaks loudly!
Crazy Yiuf says, "Hack action song!"
Danger!
You hit Crazy Yiuf with your +0 war axe.
Crazy Yiuf is lightly wounded.
You closely miss Crazy Yiuf with your +0 mace.
Crazy Yiuf hits you with a +4 quarterstaff of chaos!
* * * LOW HITPOINT WARNING * * *
You feel your power leaking away.
You are too injured to fight recklessly!
You are too injured to fight recklessly!
You are too injured to fight recklessly!
You hit Crazy Yiuf with your +0 mace.
Crazy Yiuf is moderately wounded.
You hit Crazy Yiuf but do no damage.
Crazy Yiuf twirls on the spot.
Crazy Yiuf hits you with a +4 quarterstaff of chaos!
* * * LOW HITPOINT WARNING * * *
Unknown command.
You closely miss Crazy Yiuf with your +0 mace.
Crazy Yiuf is moderately wounded.
You barely miss Crazy Yiuf with your +0 war axe.
Crazy Yiuf misses you.
You hit Crazy Yiuf but do no damage.
Crazy Yiuf is moderately wounded.
You hit Crazy Yiuf with your +0 war axe.
Crazy Yiuf hits you with a +4 quarterstaff of chaos.
* * * LOW HITPOINT WARNING * * *
You are lethally poisoned!
Crazy Yiuf hits you with a +4 quarterstaff of chaos.
You die...

####.......#....#'#
##.........÷
..##.......########
#...........
..########.#
#........... ..#
######.# #####
#........... .##
#......# #).÷#
#...........
.####'###### #...#
##..........
...)....## ...
#..........
.#.##....# #g#
#..........
.#.##....### ♣@♣♣
#..........
...##......# ♣♣.♣
#..........
.#.##...#### ♣.♣♣
###########
.#.÷....# ♣♣.♣
.#.##...# ♣♣.♣♣
...##...# ♣♣P..♣
.#.##)..# ♣.P.P♣
.#......# #....#
...##...#######....#


You could see Crazy Yiuf.

Vanquished Creatures
  An adder (D:2)
  A ribbon worm (D:2)
  6 ball pythons
  8 bats
  5 endoplasms
  4 goblins
  4 hobgoblins
  2 jackals (D:2)
  5 kobolds
  7 quokkas
  3 frilled lizards (D:1)
  3 rats
49 creatures vanquished.

Notes
Turn   | Place    | Note
-------+----------+-------------------------------------------
     0 | D:1      | Sobieck the Coglin Gladiator began the quest for the Orb.
     0 | D:1      | Reached XP level 1. HP: 16/16 MP: 1/1
    61 | D:1      | Reached XP level 2. HP: 22/22 MP: 2/2
   225 | D:1      | Reached skill level 3 in Dodging
   225 | D:1      | Reached XP level 3. HP: 28/28 MP: 3/3
   412 | D:1      | Found a faded altar of an unknown god.
   419 | D:1      | Prayed at the altar of an unknown god.
   419 | D:1      | Became a worshipper of Sif Muna the Loreminder
   419 | D:1      | Reached * piety under Sif Muna
   701 | D:2      | Reached skill level 4 in Axes
   845 | D:2      | Reached XP level 4. HP: 32/34 MP: 4/4
  1222 | D:2      | Reached ** piety under Sif Muna
  1392 | D:2      | Found a runed translucent door.
  1393 | D:2      | Noticed Crazy Yiuf
  1510 | D:2      | Slain by Crazy Yiuf

Illustrated notes

Levels and vault maps discovered:
D:1:      tarquinn_simple_flora_water_f, layout_basic,
          dilly_ecumenical_altar_fadedgnrine, serial_curves, eino_curves_03,
          eino_curves_03, eino_curves_02, eino_curves_04, minmay_strange_pillars
D:2:      layout_basic, minmay_diced_spiral, uniq_crazy_yiuf_cottage

Skill      XL: |  1  2  3 |
---------------+----------+-----
Throwing       | 2 |  2.1
Dodging        | 3 |  3.0
Axes           | 4 |  4.7
Fighting       | |  2.4

Action                     |  1- 3 |  4- 6 || total
---------------------------+-------+-------++-------
  Melee: War axe           |    53 |    38 ||    91
         Short sword       |    23 |    28 ||    51
         Mace              |       |     5 ||     5
   Stab: Sleeping          |     1 |       ||     1
 Armour: Leather armour    |    28 |    25 ||    53
  Dodge: Dodged            |    27 |    21 ||    48

Table legend: (Time is in decaauts)
 A = Elapsed time spent in this place.
 B = Non-inter-level travel time spent in this place.
 C = Inter-level travel time spent in this place.
 D = Time resting spent in this place.
 E = Time spent auto-exploring this place.
 F = Levels seen in this place.
 G = Mean time per level.
                   A        B        C        D        E       F      G
               +--------+--------+--------+--------+--------+-----+--------+
         Total |   1525 |   1496 |     29 |      0 |   1203 |   2 |  762.5 |
       Dungeon |   1525 |   1496 |     29 |      0 |   1203 |   2 |  762.5 |
               +--------+--------+--------+--------+--------+-----+--------+

Top non-repeatable levels by time:
     D:2: 819 daAuts
     D:1: 706 daAuts
